 Dungeon Crawl Stone Soup version 0.18-a0-750-g37044d6 (webtiles) character file.

5102 JokEr the Fighter (level 10, -8/130 HPs)
             Began as a Demonspawn Berserker on Dec 13, 2015.
             Was a High Priest of Trog.
             Mangled by a 12-headed hydra (11 damage)
             ... on level 8 of the Dungeon.
             The game lasted 00:23:22 (10986 turns).

JokEr the Fighter (Demonspawn Berserker)           Turns: 10986, Time: 00:23:23

Health: -8/130     AC: 11    Str: 29    XL:     10   Next: 32%
Magic:  10/10      EV: 10    Int:  9    God:    Trog [*****.]
Gold:   508        SH:  0    Dex: 11    Spells: 0 memorised, 9 levels left

rFire  . . .     SeeInvis .     a - +1 hand axe
rCold  . . .     Clarity  .     t - +0 scale mail
rNeg   . . .     SustAt   .     (no shield)
rPois  .         Gourm    .     (helmet unavailable)
rElec  .         Spirit   .     (no cloak)
rCorr  .         Dismiss  .     (no gloves)
rMut   .         Stasis   .     m - +0 pair of boots
MR     .....                    (no amulet)
Stlth  ..........               (no ring)
                                o - +3 ring of strength

@: mighty, berserking, very quick, not resistant to hostile enchantments,
extremely unstealthy
A: horns 3, rough black scales 1, powered by pain 1
a: Berserk, Trog's Hand, Brothers in Arms, Burn Spellbooks, Renounce Religion


You were on level 8 of the Dungeon.
You worshipped Trog.
Trog was extremely pleased with you.
You were hungry.

You visited 1 branch of the dungeon, and saw 8 of its levels.

You collected 508 gold pieces.

Inventory:

Hand Weapons
 a - a +1 hand axe (weapon)
Armour
 m - a +0 pair of boots (worn)
 t - a +0 scale mail (worn)
Jewellery
 o - a +3 ring of strength (left hand)
Wands
 c - a wand of digging (9)
 h - a wand of digging (24)
Scrolls
 b - a scroll of enchant weapon
 n - 2 scrolls of identify
 q - 3 scrolls of teleportation
 r - a scroll of noise
 u - a scroll of recharging
Potions
 d - a potion of degeneration {unknown}
 e - 2 potions of mutation
 g - a potion of cure mutation {unknown}
 i - 4 potions of curing
 j - 2 potions of might
 k - 2 potions of flight
 l - 6 potions of heal wounds
 p - a potion of lignification {unknown}
 s - 2 potions of brilliance
Comestibles
 f - 3 meat rations
 v - a beef jerky
 w - 4 bread rations


   Skills:
 + Level 11.0 Fighting
 + Level 10.4 Axes
 - Level 1.7 Armour
 - Level 1.7 Dodging


You had 9 spell levels left.
You didn't know any spells.

Dungeon Overview and Level Annotations

Branches:
Dungeon (8/15)             Temple (0/1) D:4
   Lair: D:8-11

Altars:
Dithmenos
Elyvilon
Nemelex Xobeh
Pakellas
Trog
Yredelemnul


Innate Abilities, Weirdness & Mutations

You have a pair of large horns on your head.
You are partially covered in rough black scales (AC +4, Dex -1).
You sometimes gain a little power by taking damage.


Message History

You slice one of the 11-headed hydra's heads off!
The ten-headed hydra grows two more!
You slash the 12-headed hydra!
The 12-headed hydra is almost dead.
The 12-headed hydra bites you! x2
The 12-headed hydra bites you but does no damage.
The 12-headed hydra bites you.
* * * LOW HITPOINT WARNING * * *
The 12-headed hydra bites you!
* * * LOW HITPOINT WARNING * * *
The 12-headed hydra bites you!
* * * LOW HITPOINT WARNING * * *
The 12-headed hydra bites you.
* * * LOW HITPOINT WARNING * * *
The 12-headed hydra bites you!
* * * LOW HITPOINT WARNING * * *
The 12-headed hydra bites you.
* * * LOW HITPOINT WARNING * * *
The 12-headed hydra bites you but does no damage. x2
The 12-headed hydra bites you!
You die...

#..> .......... #...
#........## #####...
##.......... ........
#..........# ####...
#..........# #...
#..........## #...
##...........## #...
#....@D.......## #...
#.#............#####..
#.##........[..#......
#.###..........#.#####
##.# #............
#..#
#..))......#######
#.##
##................ #.#
#..........####... #(#
#...........##....


You could see a 12-headed hydra.

Vanquished Creatures
  The ghost of braks the Conjurer, a novice HEFE (D:5)
  A spriggan (D:8)
  Edmund (D:4)
  Duvessa (D:7)
  2 black bears
  A phantom (D:4)
  An orc warrior (D:7)
  3 ice beasts
  2 ogres (D:6)
  A sky beast (D:7)
  6 centaurs
  A big kobold (D:8)
  4 giant frogs
  A gnoll sergeant (D:8)
  Dowan (D:7)
  10 killer bees
  4 wights (D:6)
  3 scorpions
  2 centaur zombies
  3 crimson imps
  5 giant frog skeletons
  2 jellies
  2 hounds
  4 orc wizards
  6 orc priests
  Ijyb (D:2)
  Terence (D:2)
  8 worker ants
  A killer bee zombie (D:7)
  An iguana (D:7)
  2 hound skeletons
  8 gnolls
  14 adders
  4 shadow imps
  3 oozes
  3 worms
  18 orcs
  2 ball pythons
  5 bats
  9 hobgoblins
  18 jackals
  16 kobolds
  6 quokkas
  7 giant cockroaches
  5 giant geckos
  A giant gecko zombie (D:6)
  7 giant newts
  8 goblins
  3 quokka zombies
  9 rats
228 creatures vanquished.

Vanquished Creatures (others)
  The ghost of graki42 the Thaumaturge, a novice DEFE of Vehumet (D:8)
1 creature vanquished.

Grand Total: 229 creatures vanquished

Notes
Turn   | Place    | Note
--------------------------------------------------------------
     0 | D:1      | JokEr the Demonspawn Berserker began the quest for the Orb.
     0 | D:1      | Reached XP level 1. HP: 18/18 MP: 1/1
   397 | D:1      | Gained mutation: You have a pair of small horns on your head. [demonic ancestry]
   397 | D:1      | Reached XP level 2. HP: 24/24 MP: 2/2
  1001 | D:1      | Reached XP level 3. HP: 19/29 MP: 3/3
  1172 | D:1      | You fall through a shaft!
  1193 | D:2      | Reached ** piety under Trog
  1789 | D:2      | Noticed Terence
  1798 | D:2      | Killed Terence
  1798 | D:2      | Reached skill level 4 in Fighting
  1798 | D:2      | Gained mutation: You sometimes gain a little power by taking damage. [demonic ancestry]
  1798 | D:2      | Reached XP level 4. HP: 36/37 MP: 4/4
  2031 | D:2      | Noticed Ijyb
  2051 | D:2      | Killed Ijyb
  2234 | D:2      | Found a shadowy altar of Dithmenos.
  2533 | D:2      | Found a white marble altar of Elyvilon.
  2536 | D:2      | Found an oddly glowing altar of Pakellas.
  2539 | D:2      | Found a bloodstained altar of Trog.
  3122 | D:3      | Gained mutation: You have a pair of horns on your head. [demonic ancestry]
  3122 | D:3      | Reached XP level 5. HP: 40/43 MP: 5/5
  3226 | D:3      | Reached *** piety under Trog
  3894 | D:4      | Noticed Edmund
  3963 | D:4      | Found a staircase to the Ecumenical Temple.
  4079 | D:4      | Killed Edmund
  4079 | D:4      | Reached skill level 5 in Fighting
  4079 | D:4      | Reached skill level 5 in Axes
  4079 | D:4      | Gained mutation: You are partially covered in rough black scales (AC +4, Dex -1). [demonic ancestry]
  4079 | D:4      | Reached XP level 6. HP: 48/51 MP: 6/6
  4460 | D:4      | Reached **** piety under Trog
  4460 | D:4      | Reached XP level 7. HP: 50/57 MP: 7/7
  4604 | D:4      | Reached skill level 6 in Fighting
  5097 | D:5      | Entered Level 5 of the Dungeon
  5364 | D:5      | Found a sparkling altar of Nemelex Xobeh.
  5507 | D:5      | Noticed braks's ghost (novice HEFE)
  5540 | D:5      | Killed braks's ghost
  5540 | D:5      | Reached skill level 7 in Fighting
  5540 | D:5      | Gained mutation: You have a pair of large horns on your head. [demonic ancestry]
  5540 | D:5      | Reached XP level 8. HP: 7/67 MP: 8/8
  6301 | D:6      | Reached skill level 8 in Fighting
  6881 | D:6      | Reached ***** piety under Trog
  7002 | D:6      | Reached XP level 9. HP: 41/75 MP: 9/9
  7359 | D:6      | Reached skill level 9 in Fighting
  8163 | D:7      | Found a basalt altar of Yredelemnul.
  8292 | D:7      | Noticed Duvessa
  8305 | D:7      | Noticed Dowan
  8311 | D:7      | Killed Duvessa
  8316 | D:7      | Killed Dowan
  8672 | D:7      | Reached skill level 10 in Fighting
  9479 | D:8      | Noticed graki42's ghost (novice DEFE)
  9481 | D:8      | Received a gift from Trog
  9639 | D:8      | Killed graki42's ghost
  9639 | D:8      | Reached skill level 10 in Axes
  9639 | D:8      | Reached XP level 10. HP: 5/86 MP: 10/10
  9641 | D:7      | HP: 4/86 [poisoned by a scorpion]
 10732 | D:8      | Reached skill level 11 in Fighting
 10976 | D:8      | Noticed a six-headed hydra
 10986 | D:8      | HP: 3/130 [12-headed hydra (6)]
 10986 | D:8      | Mangled by a 12-headed hydra

Vault maps used:
D:1:      lightli_arrival_maybe_door_vault, wad_floor_pattern_untrapped
D:2:      grunt_temple_overflow_diamond, grunt_dithmenos_smoke_and_mirrors,
          first_bread, minmay_misc_feat_five, interstate_on_off, uniq_iyjb,
          uniq_terence
D:3:      minmay_close_crescents
D:4:      kennysheep_big_flooded_room, minmay_temple_entry_crystal_x,
          uniq_edmund
D:5:      hangedman_abyss_or_decor_lesser_grid, minivault_19,
          nemelex_xobeh_ov_fountains_minmay
D:6:      minivault_23
D:7:      basic_altar, uniq_duvessa
D:8:      grunt_temple_overflow_magic_moments, the_bakery

Action                   |  1- 3 |  4- 6 |  7- 9 | 10-12 || total
-------------------------+-------+-------+-------+-------++-------
Melee: Hand axe          |    97 |   191 |   465 |   115 ||   868
Invok: Berserk           |     1 |     2 |     2 |     1 ||     6
  Use: Scroll            |     3 |       |    11 |       ||    14
 Stab: Sleeping          |       |     1 |       |       ||     1
  Eat: Bread ration      |     1 |     2 |     1 |       ||     4
       Chunk             |     1 |     1 |     6 |       ||     8
       Fruit             |       |       |     5 |       ||     5
       Meat ration       |       |       |     1 |       ||     1
       Royal jelly       |       |       |     1 |       ||     1
